 Dungeon Crawl Stone Soup version 0.27.0-66-gdc8fb28755 (webtiles) character file.

Game seed: 8809186566630352591

13587 bnorton916 the Jinx (level 11, -2/54 HPs)
             Began as a Deep Elf Conjurer on Aug 19, 2021.
             Was an Elder of Cheibriados.
             Slain by a cyclops (28 damage)
             ... on level 11 of the Dungeon.
             The game lasted 00:25:40 (13582 turns).

bnorton916 the Jinx (Deep Elf Conjurer)            Turns: 13582, Time: 00:25:40

Health: -2/54      AC:  9    Str: 17    XL:     11   Next: 77%
Magic:  6/26       EV: 18    Int: 49    God:    Cheibriados [****..]
Gold:   687        SH:  6    Dex: 26    Spells: 14/28 levels left

rFire    . . .     SeeInvis .   z - +2 dagger (elec)
rCold    . . .     Faith    .   Y - +0 buckler of Uskayaw's Grace {rN+ Str+7 Int+6}
rNeg     + + +     Spirit   .   G - +1 leather armour of Usaqurae {rN++ Regen+ Str-4 Slay+2}
rPois    .         Reflect  .   H - +0 helmet
rElec    .         Harm     .   g - +0 cloak
rCorr    .         Rampage  .   X - +0 pair of fencer's gloves {Riposte Dex+3}
Will     +....                  F - +0 pair of boots
Stlth    +++.......             f - amulet of magic regeneration
HPRegen  1.18/turn              E - +6 ring of intelligence
MPRegen  0.45/turn              (no ring)

@: very slow
A: no striking features
a: Renounce Religion, Bend Time, Temporal Distortion, Slouch


You were on level 11 of the Dungeon.
You worshipped Cheibriados.
Cheibriados was greatly pleased with you.
You visited 2 branches of the dungeon, and saw 12 of its levels.
You also visited: Ossuary.

You collected 1576 gold pieces.
You spent 889 gold pieces at shops.

Inventory:

Hand Weapons
 z - a +2 dagger of electrocution (weapon)
 L - a +0 dagger of flaming
 Q - a +5 long sword
Missiles
 i - 195 stones
 W - 3 throwing nets
Armour
 g - a +0 cloak (worn)
 u - a +0 leather armour of cold resistance
 F - a +0 pair of boots (worn)
 G - the +1 leather armour of Usaqurae (worn) {rN++ Regen+ Str-4 Slay+2}
   (You bought it in a shop on level 4 of the Dungeon)

   Str:       It affects your strength (-4).
   Slay:      It affects your accuracy & damage with ranged weapons and melee
   (+2).
   rN:        It greatly protects you from negative energy.
   Regen:     It increases your rate of health regeneration.
 H - a +0 helmet (worn)
 P - +1 fire dragon scales
 R - a +0 kite shield
 U - +0 swamp dragon scales
 X - the +0 pair of fencer's gloves (worn) {Riposte Dex+3}
   (You found it on level 10 of the Dungeon)

   It allows the wearer to riposte with any weapon, or to riposte more often
   with a long blade, swiftly retaliating against a missed attack.
   Dex:       It affects your dexterity (+3).
 Y - the +0 buckler of Uskayaw's Grace (worn) {rN+ Str+7 Int+6}
   (You bought it in a shop on level 9 of the Dungeon)

   Str:       It affects your strength (+7).
   Int:       It affects your intelligence (+6).
   rN:        It protects you from negative energy.
Magical Staves
 b - a staff of conjuration
 B - a staff of cold
Jewellery
 d - an amulet of reflection
 f - an amulet of magic regeneration (around neck)
 E - a +6 ring of intelligence (left hand)
 N - a ring of ice
 S - the amulet of Extas {Acrobat rF++ rC+++ MP-9 Str-2}
   (You took it off an orc warrior on level 9 of the Dungeon)

   [amulet of the acrobat]

   It increases your evasion while moving and waiting.
   Str:       It affects your strength (-2).
   rF:        It greatly protects you from fire.
   rC:        It renders you almost immune to cold.
   MP:        It affects your magic capacity (-9).
Wands
 v - a wand of paralysis (6)
 D - a wand of mindburst (9)
 K - a wand of charming (10)
 O - a wand of polymorph (6)
 V - a wand of acid (7)
Scrolls
 a - a scroll of identify
 h - 4 scrolls of noise
 j - 2 scrolls of summoning
 n - a scroll of fear {unknown}
 o - 2 scrolls of teleportation
 q - a scroll of vulnerability {unknown}
 r - 3 scrolls of amnesia
 x - a scroll of magic mapping
 y - a scroll of blinking
 A - 2 scrolls of immolation
 I - a scroll of fog {unknown}
 M - a scroll of enchant armour {unknown}
 T - a scroll of torment
Potions
 c - 4 potions of heal wounds
 e - 3 potions of curing
 k - a potion of mutation
 l - 2 potions of flight
 m - 5 potions of lignification
 p - 2 potions of cancellation
 s - 2 potions of resistance
 t - 4 potions of degeneration
 w - a potion of haste
 C - 2 potions of might
 J - 2 potions of magic


   Skills:
 - Level 4.0 Armour
 - Level 7.1 Dodging
 - Level 2.4 Stealth
 - Level 4.0 Shields
 - Level 9.2 Spellcasting
 - Level 8.5 Conjurations
 - Level 11.9 Hexes
 - Level 10.1 Translocations
 + Level 5.2 Ice Magic


You had 14 spell levels left.
You knew the following spells:

 Your Spells              Type           Power      Damage    Failure   Level
a - Magic Dart            Conj           100%       1d8       1%          1
b - Searing Ray           Conj           100%       3d7       1%          2
c - Fulminant Prism       Conj/Hex       44%        3d20      1%          4
d - Iskenderun's Mystic   Conj/Tloc      85%        2d17      1%          4
e - Frozen Ramparts       Ice            100%       1d12      1%          3

Your spell library contained the following spells:

 Spells                   Type           Power      Damage    Failure   Level
 Animate Skeleton         Necr           44%        N/A       1%          1
 Pain                     Necr           88%        1d8       1%          1
 Shock                    Conj/Air       100%       1d9       1%          1
 Dazzling Flash           Conj/Hex       100%       N/A       1%          3
 Swiftness                Air            22%        N/A       3%          3
 Vampiric Draining        Necr           11%        2d7       3%          3
 Summon Mana Viper        Hex/Summ       69%        N/A       3%          5
 Ice Form                 Ice/Tmut       48%        N/A       4%          4
 Summon Ice Beast         Ice/Summ       48%        N/A       4%          4
 Lightning Bolt           Conj/Air       29%        1d46      6%          5
 Airstrike                Air            11%        N/A       12%         4
 Spellforged Servitor     Conj/Summ      29%        N/A       87%         7
 Monstrous Menagerie      Summ           11%        N/A       100%        7


Dungeon Overview and Level Annotations

Branches:
Dungeon (11/15)            Temple (1/1) D:5         Ossuary (visited)
   Lair: D:8-11         Orc: D:9-12

Altars:
Ashenzari
Cheibriados
Dithmenos
Elyvilon
Fedhas
Gozag
Hepliaklqana
Kikubaaqudgha
Makhleb
Nemelex Xobeh
Okawaru
Qazlal
Ru
Sif Muna
Trog
Uskayaw
Vehumet
Wu Jian
Xom
Yredelemnul
Zin
The Shining One

Shops:
D:4 *   D:6 =   D:9 [


Message History

You feel a surge of power!
The searing ray misses the six-headed hydra. (Press . to maintain the ray.) Unknown command.
The searing ray hits the six-headed hydra!
The six-headed hydra is severely wounded.
The searing ray hits the six-headed hydra!
The six-headed hydra is almost dead.
Your surroundings suddenly seem different.
Found a scroll labelled UDWEMITHAL.
A cyclops comes into view.
Unknown command.
The cyclops throws a large rock.
You block the large rock.
You hear the crackle of electricity.
z - a +2 dagger of electrocution (weapon)
You hit the cyclops.
The cyclops is lightly wounded.
You block the cyclops's attack.
You barely miss the cyclops.
The cyclops is lightly wounded.
You hit the cyclops but do no damage. Lightning courses through the cyclops!
The cyclops is moderately wounded.
The cyclops hits you but does no damage.
You hit the cyclops. Lightning courses through the cyclops!
The cyclops is heavily wounded.
You block the cyclops's attack.
You barely miss the cyclops.
The cyclops is heavily wounded.
The cyclops closely misses you.
You hit the cyclops but do no damage.
The cyclops is heavily wounded.
You hit the cyclops.
The cyclops is heavily wounded.
The cyclops hits you!!
Ouch! That really hurt!
You hit the cyclops.
The cyclops is heavily wounded.
The cyclops hits you!!
Ouch! That really hurt!
You die...

#..###..####++#####).#
#...... #..# >.##..
#..# #...... ....
....^ #..# #......
##... .###.# #......
...## # #..## #.#####
.... #...... ?.#
####### #.## #@.# ##C#
#..# ..... #......#
#......# #......#
.......# .###..##


You could see a cyclops.

Vanquished Creatures
  Josephine (D:10)
  A hydra (D:10)
  2 two-headed ogres (D:9)
  Pikel (D:7)
  A cyclops (D:9)
  Maggie (D:10)
  A gargoyle (D:8)
  A troll (D:9)
  2 hornets
  A slime creature (D:9)
  A vampire (D:9)
  9 yaks
  2 wyverns (D:9)
  9 wraiths
  A shadow (D:9)
  Eustachio (D:5)
  5 vampire mosquitoes
  A steam dragon (D:9)
  An acid dragon (D:11)
  An ice beast (D:5)
  A water moccasin (D:6)
  4 orc warriors
  A necrophage (D:7)
  A boggart (D:9)
  An ogre (D:5)
  3 centaurs
  4 lemures (D:7)
  A phantom (D:7)
  2 kobold brigands
  2 bullfrogs
  2 gnoll sergeants (D:9)
  A scorpion (D:5)
  A wyvern skeleton (D:6)
  9 killer bees
  A howler monkey (D:10)
  2 wights (D:9)
  8 centaur zombies
  4 jellies
  Crazy Yiuf (D:2)
  A bullfrog zombie (D:5)
  2 bullfrog skeletons
  2 centaur skeletons
  A gnoll shaman (D:8)
  6 orc priests
  2 hounds
  5 iguanas
  4 orc wizards
  3 mummies (Ossuary)
  A howler monkey zombie (D:9)
  9 gnolls
  4 adders
  3 shadow imps
  A white imp (D:5)
  3 worms
  3 dart slugs
  21 orcs
  3 ball pythons
  5 endoplasms
  4 giant cockroaches (D:1)
  A gnoll zombie (Ossuary)
  7 goblins
  5 hobgoblins
  7 jackals
  18 kobolds
  A quokka (D:2)
  4 bats
  2 frilled lizards
  2 goblin zombies (Ossuary)
  A hobgoblin zombie (Ossuary)
  2 kobold zombies (Ossuary)
  5 rats
230 creatures vanquished.

Vanquished Creatures (collateral kills)
  Harold (D:10)
1 creature vanquished.

Vanquished Creatures (others)
  14 fulminant prisms
  7 fungi (D:8)
21 creatures vanquished.

Grand Total: 252 creatures vanquished

Notes
Turn   | Place    | Note
-------+----------+-------------------------------------------
     0 | D:1      | bnorton916 the Deep Elf Conjurer began the quest for the
                  | Orb.
     0 | D:1      | Reached XP level 1. HP: 10/10 MP: 6/6
   347 | D:1      | Reached XP level 2. HP: 15/15 MP: 4/8
  1002 | D:2      | Reached skill level 5 in Conjurations
  1002 | D:2      | Reached XP level 3. HP: 19/19 MP: 7/10
  1006 | D:2      | Learned a level 2 spell: Searing Ray
  1190 | D:2      | Found a faded altar of an unknown god.
  1583 | D:2      | Found a runed translucent door.
  1584 | D:2      | Noticed Crazy Yiuf
  1767 | D:2      | Killed Crazy Yiuf
  1768 | D:2      | Reached skill level 5 in Spellcasting
  1768 | D:2      | Reached XP level 4. HP: 9/24 MP: 7/13
  2525 | D:3      | Reached XP level 5. HP: 28/28 MP: 10/15
  2639 | D:3      | Found a sacrificial altar of Ru.
  2932 | D:4      | Reached XP level 6. HP: 17/32 MP: 11/17
  3174 | D:4      | Found Bedisen's Assorted Antiques.
  3388 | D:4      | Found a glowing golden altar of the Shining One.
  3649 | D:5      | Entered Level 5 of the Dungeon
  3861 | D:5      | Found a staircase to the Ecumenical Temple.
  3891 | Temple   | Entered the Ecumenical Temple
  4080 | Temple   | Became a worshipper of Cheibriados the Contemplative
  4407 | D:5      | Noticed Eustachio
  4413 | D:5      | Reached XP level 7. HP: 36/36 MP: 12/19
  4414 | D:5      | Killed Eustachio
  4417 | D:5      | Found a sparkling altar of Nemelex Xobeh.
  5091 | D:6      | Reached XP level 8. HP: 41/41 MP: 18/23
  5091 | D:6      | Reached * piety under Cheibriados
  5096 | D:6      | Identified a scroll of acquirement
  5096 | D:6      | Acquired a staff of conjuration
  5131 | D:6      | Found a sand-covered staircase.
  5140 | Ossuary  | Entered an ossuary
  5146 | Ossuary  | Learned a level 4 spell: Fulminant Prism
  5151 | Ossuary  | Learned a level 4 spell: Iskenderun's Mystic Blast
  5671 | Ossuary  | Reached skill level 2 in Hexes
  6134 | D:6      | Found a shimmering blue altar of Sif Muna.
  6148 | D:6      | Found an opulent altar of Gozag.
  6161 | D:6      | Reached skill level 3 in Hexes
  6268 | D:6      | Reached skill level 4 in Hexes
  6439 | D:6      | Found Kelaogh's Jewellery Emporium.
  6650 | D:6      | Found a broken altar of Ashenzari.
  7045 | D:7      | Reached skill level 5 in Hexes
  7372 | D:4      | Bought a fine leather armour for 175 gold pieces
  7372 | D:4      | Identified the +1 leather armour of Usaqurae {rN++ Regen+
                  | Str-4 Slay+2} (You bought it in a shop on level 4 of the
                  | Dungeon)
  7372 | D:4      | Bought a helmet for 112 gold pieces
  7858 | D:7      | Found an iron altar of Okawaru.
  8047 | D:7      | Reached skill level 1 in Armour
  8047 | D:7      | Reached skill level 6 in Hexes
  8047 | D:7      | Reached skill level 5 in Translocations
  8047 | D:7      | Reached XP level 9. HP: 45/45 MP: 20/24
  8147 | D:7      | Noticed Pikel
  8241 | D:7      | Killed Pikel
  8407 | D:8      | Noticed a gargoyle
  8424 | D:8      | Killed a gargoyle
  8425 | D:8      | Reached skill level 7 in Hexes
  8812 | D:8      | Reached ** piety under Cheibriados
  9206 | D:8      | Reached skill level 8 in Hexes
 10073 | D:9      | Found Otrim's Armour Emporium.
 10088 | D:9      | Reached XP level 10. HP: 50/50 MP: 19/25
 10148 | D:9      | Reached skill level 9 in Hexes
 10168 | D:9      | Noticed a two-headed ogre
 10191 | D:9      | Reached *** piety under Cheibriados
 10193 | D:9      | Killed a two-headed ogre
 10196 | D:9      | Reached skill level 10 in Hexes
 10424 | D:9      | Noticed a two-headed ogre
 10431 | D:9      | Found a shimmering altar of Xom.
 10511 | D:9      | Noticed a cyclops
 10515 | D:9      | Killed a cyclops
 10656 | D:9      | Reached skill level 11 in Hexes
 11091 | D:9      | Got Sif Muna's Catalogue of Weightlessness and Summoning
 11224 | D:9      | Reached skill level 10 in Translocations
 11292 | D:9      | Identified the amulet of Extas {Acrobat rF++ rC+++ MP-9
                  | Str-2}
 11525 | D:9      | Found a stormy altar of Qazlal.
 11560 | D:9      | Found a hazy altar of Hepliaklqana.
 11569 | D:9      | Reached **** piety under Cheibriados
 11570 | D:9      | Reached XP level 11. HP: 50/54 MP: 21/26
 12037 | D:9      | Killed a two-headed ogre
 12038 | D:9      | Reached skill level 1 in Shields
 12222 | D:10     | Entered Level 10 of the Dungeon
 12238 | D:10     | Noticed Maggie
 12248 | D:10     | Killed Maggie
 12334 | D:10     | Found the +0 pair of fencer's gloves {Riposte Dex+3}
 12339 | D:10     | Noticed Josephine
 12349 | D:10     | Killed Josephine
 12350 | D:10     | Reached skill level 5 in Dodging
 12362 | D:10     | Noticed Harold
 12387 | D:10     | Killed Harold
 12828 | D:10     | Acquired 792 gold pieces
 12848 | D:9      | Bought the +0 buckler of Uskayaw's Grace {rN+ Str+7 Int+6}
                  | for 602 gold pieces
 12859 | D:9      | Learned a level 3 spell: Frozen Ramparts
 12884 | D:10     | Reached skill level 1 in Ice Magic
 12906 | D:10     | Noticed a four-headed hydra
 12911 | D:10     | Killed a four-headed hydra
 13487 | D:11     | Reached skill level 5 in Ice Magic
 13551 | D:11     | Noticed a six-headed hydra
 13582 | D:11     | Slain by a cyclops

Illustrated notes

Levels and vault maps discovered:
D:1:      amcnicky_arrival_double_pillar, layout_basic
D:2:      layout_loops_cross, shapermc_ecumenical_altar_venn,
          ebering_dispersal_statue_hall, uniq_crazy_yiuf_cottage
D:3:      layout_basic, lemuel_doored_altar
D:4:      layout_basic, nicolae_tso_swordbearing_angel, serial_shops,
          nicolae_shop_statue_plus, amcnicky_mini_rare_corridor_liquid
D:5:      layout_gridville, nemelex_dance_club_becter,
          minmay_temple_entry_slanted, uniq_eustachio
D:6:      layout_rooms, cheibrodos_ashenzari_chains, nicolae_gozag_seed_capital,
          mainiacjoe_overflow_surrounded_room, nicolae_ossuary_entry_ruins,
          serial_shops, shop, serial_co_window_serial,
          co_window_of_opportunity_a, co_window_paths_a, co_window_paths_a,
          co_window_paths_b, co_window_corner_a, co_window_paths_c,
          co_window_unsneaky_path_d, co_window_cross_4, glass_columns_a,
          glass_columns_a, glass_columns_a
D:7:      layout_gridville, lemuel_tele_altar, kennysheep_generic_room_9,
          uniq_pikel
D:8:      lemuel_slime, layout_loops_cross, minivault_24, grunt_ministairs_11
D:9:      minmay_the_grid_plus [minmay_the_grid_stretched_grid,
          minmay_the_grid_slots, minmay_the_grid_rooms, minmay_the_grid_spikes,
          minmay_the_grid_prize_trominoes], layout_loops_ring, xom_butterflies,
          amcnicky_altar_gilded, nicolae_qazlal_eye_of_the_storm,
          serial_co_window_serial, co_window_of_opportunity_a,
          co_window_corner_a, co_window_paths_b, co_window_paths_a,
          co_window_corner_a, co_window_of_opportunity_a, co_window_corner_ca,
          co_window_unsneaky_path_d, glass_columns_a, glass_columns_a,
          serial_shops, shop_coins
D:10:     lemuel_ice_spiral_2, layout_rooms, uniq_josephine, uniq_maggie,
          uniq_harold
D:11:     layout_basic, erik_lair_orcish_takeover, kennysheep_generic_room_5
Temple:   minmay_temple_bridge_abc

Skill      XL: |  1  2  3  4  5  6  7  8  9 10 11 |
---------------+----------------------------------+-----
Spellcasting   | 4 5 6 7 9 |  9.2
Conjurations   | 5 6 7 8 |  8.5
Hexes          | 6 8 11 | 11.9
Translocations | 5 7 10 | 10.1
Armour         | 1 4 |  4.0
Dodging        | 7 |  7.1
Shields        | 4 |  4.0
Ice Magic      | 5 |  5.2
Stealth        | |  2.4

Action                   |  1- 3 |  4- 6 |  7- 9 | 10-12 || total
-------------------------+-------+-------+-------+-------++-------
Melee: Unarmed           |       |       |     3 |       ||     3
       Staff             |       |       |       |     1 ||     1
       Dagger            |       |       |       |     8 ||     8
 Cast: Magic Dart        |    63 |    74 |    95 |    39 ||   271
       Searing Ray       |     4 |    14 |    47 |    48 ||   113
       Iskenderun's Myst |       |       |    10 |    37 ||    47
       Fulminant Prism   |       |       |       |    14 ||    14
  Use: Scroll            |       |       |    14 |    10 ||    24
Armor: Robe              |     2 |     7 |     5 |       ||    14
       Leather armour    |       |       |       |    31 ||    31
Dodge: Dodged            |     3 |     8 |    34 |    49 ||    94
Block: Buckler           |       |       |       |     6 ||     6
       Rpst.: Staff      |       |       |       |     1 ||     1
